AoeStats
← Phill chung long

Arabia

510819365Analyzed
1v1 RM · 15h ago on Oct 2, 2026· 62m 25s· 2 players
Game mode
Random Map
Map size
Tiny (2 player)
Population
200
Speed
Normal
Resources
Standard
Victory
Conquest
Starting age
Dark Age
Ending age
Imperial Age
RankedLock teamsTeams togetherTeam positionsShared explorationLock speedFull tech treeHidden civsTurbo modeCheats
Victory
Defeat
🇵🇪 Khmer · Peru
624
+26
🇷🇴 Lithuanians · Romania
642
-17
Phill chung long
9:45 Feudal Age
14:18 Castle Age
21:39 Husbandry
24:20 Double-Bit Axe
35:38 Bow Saw
41:13 Imperial Age
41:47 Scale Barding Armor
41:44 Padded Archer Armor
41:34 Fletching
46:08 Loom
46:04 Cavalier
50:41 Conscription
49:59 Sappers
54:08 Chemistry
53:29 Ballistics
56:48 Chemistry
56:08 Ballistics
Crispy
8:03 Loom
10:10 Feudal Age
10:41 Double-Bit Axe
13:03 Horse Collar
15:08 Wheelbarrow
20:33 Castle Age
18:54 Scale Barding Armor
20:17 Stone Mining
20:17 Gold Mining
28:14 Chain Barding Armor
35:11 Hand Cart
41:12 Bow Saw
44:17 Imperial Age
43:15 Scale Mail Armor
45:34 Plate Barding Armor
45:14 Chain Mail Armor
48:27 Stone Shaft Mining
49:35 Forging
51:05 Two-Man Saw
50:06 Cavalier
50:48 Husbandry
56:25 Elite Leitis
61:53 Pikeman
62:34 Squires
Connection lost

Rejoining the realm…

Still unreachable

The connection could not be restored.

Session expired

The server has moved on; the page needs a fresh start.